 Dungeon Crawl Stone Soup version 0.29-a0-25-g7f48f510a0 (webtiles) character file.

Game seed: 10596020839099882525

271 robertstho the Magician (level 6, -3/43 HPs)
             Began as a Djinni Fire Elementalist on Jan 31, 2022.
             Killed from afar by an electric eel (7 damage)
             ... with a bolt of electricity
             ... on level 6 of the Dungeon.
             The game lasted 00:05:08 (4695 turns).

robertstho the Magician (Djinni Fire Elementalist)  Turns: 4695, Time: 00:05:09

Health: -3/43      AC:  3    Str:  7    XL:     6   Next: 47%
Gold:   133        EV: 12    Int: 19    God:
                   SH:  0    Dex: 13

rFire   + + .      SeeInvis .   m - +0 spear (flame)
rCold   x . .      Faith    .   (no shield)
rNeg    . . .      Spirit   .   o - +0 robe {Will+}
rPois   ∞          Reflect  .   (no helmet)
rElec   .          Harm     .   (no cloak)
rCorr   .          Rampage  .   b - +0 pair of gloves
Will    +....                   (boots unavailable)
Stlth   ++........              (no amulet)
HPRegen 0.14/turn               (no ring)
MPRegen 0.00/turn               (no ring)

@: about to teleport, flying, invisible
A: sickness immunity, fire resistance 2, cold vulnerability 1, float, innate
caster, HP casting, extra vitality 1
a: no special abilities


You were on level 6 of the Dungeon.
You visited 1 branch of the dungeon, and saw 5 of its levels.

You collected 133 gold pieces.

Inventory:

Hand Weapons
 i - a +0 short sword
 m - a +0 spear of flaming (weapon)
Missiles
 k - a throwing net
Armour
 b - a +0 pair of gloves (worn)
 o - a +0 robe of willpower (worn)
Wands
 a - a wand of acid (7)
 r - a wand of flame (26)
Scrolls
 c - 2 scrolls of teleportation
 d - a scroll of immolation {unknown}
 e - a scroll of fear {unknown}
 f - a scroll of torment {unknown}
 j - a scroll of vulnerability {unknown}
 n - a scroll of magic mapping {unknown}
 p - 2 scrolls of identify
 q - a scroll of enchant weapon {unknown}
Potions
 g - a potion of magic
 l - a potion of berserk rage {unknown}


   Skills:
 * Level 2.2 Fighting
 + Level 2.5 Dodging
 + Level 2.1 Stealth
 * Level 4.5 Spellcasting


You couldn't memorise any spells.
You knew the following spells:

 Your Spells              Type           Power      Damage    Failure   Level
a - Foxfire               Conj/Fire      84%        2x1d8     1%          1
b - Scorch                Fire           42%        2d7       3%          2
c - Conjure Flame         Conj/Fire      21%        6-21      6%          3
d - Inner Flame           Hex/Fire       21%        N/A       6%          3
e - Flame Wave            Conj/Fire      21%        2d7       21%         4
f - Apportation           Tloc           42%        N/A       1%          1
g - Static Discharge      Conj/Air       21%        N/A       3%          2
Your spell library was empty.

Dungeon Overview and Level Annotations

Branches:
Dungeon (4/15)
 Temple: D:4-7

Altars:
Elyvilon
Gozag
Nemelex Xobeh
Uskayaw


Innate Abilities, Weirdness & Mutations

You are immune to sickness and miasma.
You are immune to poison.
Your flesh is very heat resistant. (rF++)
You are vulnerable to cold. (rC-)
You float through the air rather than walking.
You learn spells naturally, not from books.
Your magical power is your life essence.
You have superior vitality. (+4 MHP)


Message History

There is an entrance to an ossuary on this level.
Hurry and find it before the portal is buried!
Found a silver wand and a leather armour.
There is a stone staircase leading up here.
r - a wand of flame (26)
A sourceless malevolence fills the Dungeon...
You are sucked into a shaft and drop 2 floors!
The shaft crumbles and collapses. 3 electric eels come into view.
Found 22 gold pieces and 23 arrows.
You see here a fuming coppery potion.
As you read the scroll labelled XOOWEV WIMAMI, it crumbles to dust.
It is a scroll of identify.
c - 3 scrolls of teleportation
As you read the scroll of teleportation, it crumbles to dust.
You feel strangely unstable.
The electric eel shoots out a bolt of lightning at you!
The bolt of electricity hits you!
The electric eel shoots out a bolt of lightning at you!
The bolt of electricity hits you.
The bolt of electricity hits the plant!
The plant begins to die.
The bolt of electricity hits the plant!
The plant begins to die.
Sorry, you're not good enough to have a special ability.
Okay, then.
The electric eel shoots out a bolt of lightning at you!
The bolt of electricity hits you!
The bolt of electricity hits the plant!
The plant begins to die.
The electric eel shoots out a bolt of lightning at you!
The bolt of electricity hits you!
* * * LOW HITPOINT WARNING * * *
The bolt of electricity hits the plant!
It was a potion of magic.
Magic washes over you without effect.
The electric eel shoots out a bolt of lightning at you!
The bolt of electricity misses you.
The bolt of electricity hits the plant!
The electric eel shoots out a bolt of lightning at you!
The bolt of electricity misses you.
It was a potion of invisibility.
You fade into invisibility!
The electric eel shoots out a bolt of lightning at you!
The bolt of electricity hits you!
You die...

######## #
##≈.≈...#
#≈#SS.PP..+#
#.#≈(.P....#
#≈≈!@P...#
##≈S$≈..##
########


You could see 3 electric eels.

Vanquished Creatures
  A bullfrog zombie (D:3)
  Natasha (thrice) (D:2)
  6 gnolls (D:2)
  3 adders
  3 worms
  11 orcs (D:3)
  5 ball pythons
  7 endoplasms
  5 giant cockroaches
  3 hobgoblins
  5 kobolds
  2 quokkas (D:2)
  6 bats
  A frilled lizard (D:2)
  3 goblins
  3 rats
67 creatures vanquished.

Vanquished Creatures (others)
  199 foxfires
199 creatures vanquished.

Grand Total: 266 creatures vanquished

Notes
Turn   | Place    | Note
-------+----------+-------------------------------------------
     0 | D:1      | robertstho the Djinni Fire Elementalist began the quest for
                  | the Orb.
     0 | D:1      | Reached XP level 1. HP: 15/15 MP: 0/0
   572 | D:1      | Reached XP level 2. HP: 20/22 MP: 0/0
  1335 | D:2      | Reached skill level 1 in Fighting
  1396 | D:2      | Reached skill level 3 in Spellcasting
  1396 | D:2      | Reached XP level 3. HP: 20/27 MP: 0/0
  1396 | D:2      | Learned a level 1 spell: Apportation
  1679 | D:2      | Noticed Natasha
  1684 | D:2      | Killed Natasha
  1685 | D:2      | Reached XP level 4. HP: 13/32 MP: 0/0
  2193 | D:2      | Found a hide-covered altar of Uskayaw.
  2621 | D:2      | Reached XP level 5. HP: 36/38 MP: 0/0
  2621 | D:2      | Learned a level 2 spell: Static Discharge
  3073 | D:2      | Noticed Natasha
  3076 | D:2      | Killed Natasha
  3077 | D:2      | Reached skill level 4 in Spellcasting
  3379 | D:3      | Reached XP level 6. HP: 21/43 MP: 0/0
  3397 | D:3      | HP: 2/43 [bullfrog zombie (6)]
  3573 | D:2      | Noticed Natasha
  3576 | D:2      | Killed Natasha
  3870 | D:3      | Found a faded altar of an unknown god.
  4438 | D:3      | Found a white marble altar of Elyvilon.
  4438 | D:3      | Found a sparkling altar of Nemelex Xobeh.
  4470 | D:3      | Found an opulent altar of Gozag.
  4690 | D:4      | You are sucked into a shaft and drop 2 floors!
  4695 | D:6      | Killed from afar by an electric eel

Illustrated notes

Levels and vault maps discovered:
D:1:      dpeg_arrival_pits, layout_loops_ring, hex_medium
D:2:      minmay_skewed_foursquare, layout_loops_cross, basic_altar,
          uniq_natasha
D:3:      layout_basic, amethyst_overflow_temple_binary,
          nicolae_gozag_seed_capital, shapermc_ecumenical_altar_totnotflames,
          kennysheep_generic_room_15
D:4:      layout_rooms, nicolae_tso_carved_into_rock, enter_ossuary_5
D:6:      cheibrodos_two_vegetables, layout_layer_cave, fiery_altar_vehumet,
          minmay_temple_entry_gardened_gates, uniq_maggie

Skill      XL: |  1  2  3  4  5  6 |
---------------+-------------------+-----
Fighting       | 1 2 |  2.2
Spellcasting   | 3 4 |  4.5
Stealth        | 2 |  2.1
Dodging        | |  2.5

Action                   |  1- 3 |  4- 6 || total
-------------------------+-------+-------++-------
Melee: Unarmed           |     1 |       ||     1
       Short sword       |     6 |       ||     6
       Spear             |       |    15 ||    15
 Cast: Foxfire           |    74 |    49 ||   123
       Scorch            |       |    54 ||    54
  Use: Potion            |       |     3 ||     3
       Scroll            |       |     2 ||     2
Armor: Robe              |     4 |     9 ||    13
Dodge: Dodged            |    10 |    22 ||    32

Table legend: (Time is in decaauts)
 A = Elapsed time spent in this place.
 B = Non-inter-level travel time spent in this place.
 C = Inter-level travel time spent in this place.
 D = Time resting spent in this place.
 E = Time spent auto-exploring this place.
 F = Levels seen in this place.
 G = Mean time per level.
                   A        B        C        D        E       F      G
               +--------+--------+--------+--------+--------+-----+--------+
         Total |   4676 |   4595 |     81 |    675 |   3461 |   5 |  935.2 |
       Dungeon |   4676 |   4595 |     81 |    675 |   3461 |   5 |  935.2 |
               +--------+--------+--------+--------+--------+-----+--------+

Top non-repeatable levels by time:
     D:2: 2522 daAuts
     D:3: 1088 daAuts
     D:1: 1041 daAuts
     D:4: 19 daAuts
     D:6: 4 daAuts
